 Dungeon Crawl Stone Soup version 0.30-b1-2-g02819fbbbe (webtiles) character file.

Game seed: 8796700360310179748

638345 Drachta the Slayer (level 26, -1/218 (235) HPs)
             Began as a Demonspawn Hedge Wizard on Nov 26, 2023.
             Was the Champion of Okawaru.
             Succumbed to a green draconian monk's poison
             ... on level 4 of the Depths on Nov 28, 2023.
             The game lasted 05:22:58 (58415 turns).

Drachta the Slayer (Demonspawn Hedge Wizard)       Turns: 58415, Time: 05:22:58

HP:   -1/218 (235)  AC: 19    Str: 20      XL:     26   Next: 99%
MP:   3/34          EV: 25    Int: 20 (22) God:    Okawaru [******]
Gold: 7102          SH: 22    Dex: 16 (17) Spells: 55/58 levels left

rFire   + + +        S - +9 quick blade (venom)
rCold   + + .        i - +2 shield of Resistance {rF++ rC++ Will++}
rNeg    . . .        P - +0 crystal plate armour "Walucixo" {Rampage Fly Dex+2 SInv}
rPois   .            (helmet unavailable)
rElec   +            s - scarf {repulsion}
rCorr   +            (gloves unavailable)
SInv    +            (boots unavailable)
Will    ++++.        W - amulet of a Million Moons {rF+ Regen+ Int+3} Stlth
                     M - ring of Rulugoet {rElec Will+ rCorr Str+6 Dex+3}
HPRegen 1.36/turn    H - ring of the Hare {EV+10}
MPRegen 0.48/turn

%: repel missiles, guardian spirit, rampage
@: agile, lethally poisoned (-1 -> -1), on word of chaos cooldown, flying,
studying 5 skills, drained, unable to read
A: hooves 3, horns 3, powered by pain 3, magic shield, magic regeneration, magic
link, corrupting presence 2, word of chaos, demonic touch 3, large bone plates
1, clumsy 1, deformed body, dopey 1, low MP 2, screaming 1, weak 1, inability to
read after injury 2
}: 4/15 runes: decaying, serpentine, silver, abyssal
a: Word of Chaos, Renounce Religion, Heroism, Finesse, Duel


You were on level 4 of the Depths.
You worshipped Okawaru.
Okawaru was exalted by your worship.
You visited 12 branches of the dungeon, and saw 48 of its levels.
You visited the Abyss 2 times.
You also visited: Ossuary, Ice Cave, Wizlab and Desolation.

You collected 10632 gold pieces.
You spent 3530 gold pieces at shops.

Inventory:

Hand Weapons
 a - the +6 rapier "Sibred" {pain, rPois}
   (Okawaru gifted it to you on level 2 of the Lair of Beasts)

   rPois:     It protects you from poison.
 x - the +11 dagger "Kevyeta" {drain, rPois Will+}
   (Okawaru gifted it to you on level 5 of the Vaults)

   rPois:     It protects you from poison.
   Will:      It increases your willpower.
 L - the +8 short sword "Uplubrou" {freeze, +Blink rCorr}
   (You found it on level 5 of the Vaults)

   +Blink:    It lets you blink.
   rCorr:     It protects you from acid and corrosion.
 S - a +9 quick blade of venom (weapon)
 T - a +4 scimitar of flaming
Armour
 i - the +2 shield of Resistance (worn) {rF++ rC++ Will++}
   (You took it off a gnoll sergeant on level 9 of the Dungeon)

   rF:        It greatly protects you from fire.
   rC:        It greatly protects you from cold.
   Will:      It greatly increases your willpower.
 s - a scarf of repulsion (worn)
 N - the +8 kite shield of True Grit {rF+ rC+ rN+ Int+2}
   (Okawaru gifted it to you on level 4 of the Depths)

   Int:       It affects your intelligence (+2).
   rF:        It protects you from fire.
   rC:        It protects you from cold.
   rN:        It protects you from negative energy.
 P - the +0 crystal plate armour "Walucixo" (worn) {Rampage Fly Dex+2 SInv}
   (Okawaru gifted it to you on level 11 of the Dungeon)

   Dex:       It affects your dexterity (+2).
   SInv:      It lets you see invisible.
   Fly:       It grants you flight.
   Rampage:   It bestows one free step when moving towards enemies.
Jewellery
 h - the ring of Ycviefex {rC+ Will+ Int+3}
   (You found it on level 5 of the Vaults)

   [ring of willpower]

   Int:       It affects your intelligence (+3).
   rC:        It protects you from cold.
   Will:      It increases your willpower.
 y - a ring of wizardry
 E - an amulet of reflection
 H - the ring of the Hare (right hand) {EV+10}
   (You found it on level 15 of the Dungeon)

   [ring of evasion]

   EV:        It affects your evasion (+10).
 M - the ring of Rulugoet (left hand) {rElec Will+ rCorr Str+6 Dex+3}
   (You found it on level 3 of the Depths)

   [ring of strength]

   Str:       It affects your strength (+6).
   Dex:       It affects your dexterity (+3).
   rElec:     It insulates you from electricity.
   rCorr:     It protects you from acid and corrosion.
   Will:      It increases your willpower.
 R - a ring of positive energy
 W - the amulet of a Million Moons (around neck) {rF+ Regen+ Int+3}
   (You bought it in a shop on level 3 of the Snake Pit)

   [amulet of regeneration]

   Int:       It affects your intelligence (+3).
   rF:        It protects you from fire.
   Regen:     It increases your rate of health regeneration.
Wands
 m - a wand of digging (10)
 B - a wand of light (53)
 C - a wand of polymorph (22)
 F - a wand of roots (46)
 O - a wand of mindburst (25)
 Q - a wand of flame (55)
Scrolls
 e - 6 scrolls of fear
 p - 13 scrolls of teleportation
 q - 4 scrolls of magic mapping
 r - 7 scrolls of fog
 u - 2 scrolls of silence
 w - 5 scrolls of poison
 A - 6 scrolls of amnesia
 G - 2 scrolls of blinking
 I - 11 scrolls of enchant armour
 X - a scroll of enchant weapon
Potions
 b - 6 potions of ambrosia
 c - 6 potions of flight
 d - 6 potions of magic
 f - 6 potions of invisibility
 g - 5 potions of lignification
 j - 10 potions of might
 k - 7 potions of haste
 l - 5 potions of resistance
 n - 6 potions of cancellation
 o - 10 potions of curing
 t - 3 potions of heal wounds
 v - 11 potions of attraction
 D - 9 potions of brilliance
 J - 4 potions of mutation
 K - 5 potions of berserk rage
Miscellaneous
 U - a phantom mirror


   Skills:
 * Level 25.0 Fighting
 - Level 14.0 Short Blades
 - Level 0.6 Ranged Weapons
 + Level 19.5 Armour
 * Level 14.6 Dodging
 + Level 4.3 Stealth
 - Level 21.8 Shields
 * Level 16.7 Spellcasting
 + Level 7.6 Conjurations
 + Level 1.0 Summonings
 - Level 7.0 Necromancy
 + Level 6.2 Translocations
 + Level 9.2 Invocations
 * Level 1.8 Evocations


You had 55 spell levels left.
You knew the following spells:

 Your Spells              Type           Power      Damage    Failure   Level
a - Magic Dart            Conj           100%       1d8       5%          1
b - Blink                 Tloc           82%        N/A       14%         2

Your spell library contained the following spells:

 Spells                   Type           Power      Damage    Failure   Level
 Kiss of Death            Conj/Necr      100%       2d13      6%          1
 Necrotise                Necr           100%       1d9       7%          1
 Sublimation of Blood     Necr           44%        N/A       11%         2
 Lesser Beckoning         Tloc           82%        N/A       14%         2
 Vampiric Draining        Necr           44%        2d9       21%         3
 Foxfire                  Conj/Fire      100%       2x1d9     26%         1
 Shock                    Conj/Air       100%       1d9       26%         1
 Gell's Gravitas          Tloc           41%        N/A       28%         3
 Teleport Other           Tloc           41%        N/A       28%         3
 Cigotuvi's Dreadful Rot  Necr/Pois/Air  52%        N/A       56%         2
 Dispel Undead            Necr           44%        3d17      56%         4
 Iskenderun's Mystic Bla  Conj/Tloc      44%        2d10      56%         4
 Dazzling Flash           Conj/Hex       64%        N/A       58%         3
 Hailstorm                Conj/Ice       32%        3d8       58%         3
 Stone Arrow              Conj/Erth      64%        3d11      58%         3
 Manifold Assault         Tloc           41%        N/A       67%         4
 Passage of Golubria      Tloc           41%        N/A       67%         4
 Portal Projectile        Hex/Tloc       58%        N/A       71%         3
 Vhi's Electric Charge    Tloc/Air       58%        N/A       71%         3
 Volatile Blastmotes      Fire/Tloc      58%        2d14      71%         3
 Freeze                   Ice            64%        1d7       77%         1
 Sandblast                Erth           32%        2d9       77%         1
 Slow                     Hex            64%        N/A       77%         1
 Mephitic Cloud           Conj/Pois/Air  26%        N/A       78%         3
 Iskenderun's Battlesphe  Conj           47%        2d10      82%         5
 Ensorcelled Hibernation  Hex/Ice        32%        N/A       88%         2
 Passwall                 Tmut/Erth      13%        N/A       88%         2
 Scorch                   Fire           32%        2d6       88%         2
 Wereblood                Tmut           16%        N/A       88%         2
 Agony                    Necr           44%        N/A       88%         5
 Flame Wave               Conj/Fire      32%        2d9       94%         4
 Sticky Flame             Conj/Fire      32%        2d5       94%         4
 Anguish                  Hex/Necr       15%        N/A       96%         4
 Confusing Touch          Hex            16%        N/A       98%         3
 Frozen Ramparts          Ice            32%        1d5       98%         3
 Ignite Poison            Fire/Tmut/Pois 16%        N/A       98%         3
 Inner Flame              Hex/Fire       16%        N/A       98%         3
 Ozocubu's Armour         Ice            16%        N/A       98%         3
 Spider Form              Tmut/Pois      16%        N/A       98%         3
 Ice Form                 Ice/Tmut       16%        N/A       100%        4
 Leda's Liquefaction      Hex/Erth       8%         N/A       100%        4
 Petrify                  Tmut/Erth      16%        N/A       100%        4
 Arcjolt                  Conj/Air       16%        1d26      100%        5
 Blade Hands              Tmut           8%         N/A       100%        5
 Borgnjor's Vile Clutch   Necr/Erth      15%        N/A       100%        5
 Fireball                 Conj/Fire      16%        3d8       100%        5
 Irradiate                Conj/Tmut      16%        3d17      100%        5
 Lee's Rapid Deconstruct  Erth           8%         3d7*      100%        5
 Metabolic Englaciation   Hex/Ice        8%         N/A       100%        5
 Silence                  Hex/Air        8%         N/A       100%        5
 Yara's Violent Unravell  Hex/Tmut       8%         3d5       100%        5
 Conjure Ball Lightning   Conj/Air       16%        3x3d6     100%        6
 Iron Shot                Conj/Erth      16%        9d4       100%        6
 Plasma Beam              Fire/Air       8%         2x1d20    100%        6
 Starburst                Conj/Fire      16%        6d6       100%        6
 Statue Form              Tmut/Erth      10%        N/A       100%        6
 Dragon Form              Tmut           8%         N/A       100%        7
 Enfeeble                 Hex            8%         N/A       100%        7
 Orb of Destruction       Conj           23%        9d8       100%        7
 Storm Form               Tmut/Air       8%         N/A       100%        7
 Borgnjor's Revivificati  Necr           22%        N/A       100%        8
 Discord                  Hex            8%         N/A       100%        8
 Disjunction              Tloc           20%        N/A       100%        8
 Lehudib's Crystal Spear  Conj/Erth      16%        10d5      100%        8
 Maxwell's Capacitive Co  Air            8%         ∞         100%        8
 Necromutation            Tmut/Necr      15%        N/A       100%        8
 Death's Door             Necr           22%        N/A       100%        9
 Shatter                  Erth           8%         3d10*     100%        9
 Animate Dead             Necr           Unusable   N/A       N/A         4
 Call Imp                 Summ           Unusable   N/A       N/A         2
 Call Canine Familiar     Summ           Unusable   N/A       N/A         3
 Tukima's Dance           Hex            Unusable   N/A       N/A         3
 Summon Ice Beast         Ice/Summ       Unusable   N/A       N/A         4
 Summon Lightning Spire   Summ/Air       Unusable   N/A       N/A         4
 Death Channel            Necr           Unusable   N/A       N/A         6
 Simulacrum               Ice/Necr       Unusable   N/A       N/A         6
 Summon Cactus Giant      Summ           Unusable   N/A       N/A         6
 Malign Gateway           Summ/Tloc      Unusable   N/A       N/A         7
 Spellforged Servitor     Conj/Summ      Unusable   N/A       N/A         7

Dungeon Overview and Level Annotations

Branches:
Dungeon (15/15)            Temple (1/1) D:6            Lair (5/5) D:9
  Swamp (4/4) Lair:3        Snake (4/4) Lair:2        Slime (1/5) Lair:5
    Orc (2/2) D:10            Elf (3/3) Orc:2        Vaults (5/5) D:13
  Crypt (3/3) Vaults:3       Tomb (0/3) Crypt:3      Depths (4/4) D:15
    Zot (1/5) Depths:4    Ossuary (visited)           IceCv (visited)
 WizLab (visited)         Desolation (visited)

Altars:
Ashenzari
Cheibriados
Dithmenos
Fedhas
Gozag
Hepliaklqana
Kikubaaqudgha
Makhleb
Nemelex Xobeh
Okawaru
Qazlal
Ru
Sif Muna
Trog
Uskayaw
Vehumet
Wu Jian
Xom
Yredelemnul
Lugonu

Shops:
D:7 (   D:8 [   D:9 ![!(   Orc:1 [   Orc:2 *(:[   Snake:3 :==   Vaults:3 (
Vaults:4 ?

Portals:
Hell: Depths:1 Depths:2 Depths:3 Depths:4
Abyss: Depths:2 Depths:3
Pandemonium: Depths:2
Ziggurat: Depths:2

Annotations:
Vaults:1 Zenata


Innate Abilities, Weirdness & Mutations

You have hooves in place of feet.
You have a pair of large horns on your head.
You are powered by pain.
When hurt, damage is shared between your health and your magic reserves.
You regenerate magic rapidly.
When low on magic, you restore magic in place of health.
Your presence sometimes corrodes or deforms those you injure.
You can speak a Word of Chaos.
Your touch may irresistibly damage your foes and sap their willpower.
You are partially covered in large bone plates. (SH +4)
You are clumsy. (Dex -2)
Armour fits poorly on your strangely shaped body.
You are dopey. (Int -2)
Your magical capacity is very low. (-20% MP)
You occasionally shout uncontrollably at your foes.
You are weak. (Str -2)
You sometimes lose the ability to read scrolls when taking damage.


Message History

A green draconian comes into view.
It is wielding a +1 broad axe of electrocution.
A purple draconian comes into view. It is wielding a +0 glaive.
You puncture the quicksilver dragon!
The quicksilver dragon looks as sick as possible!
Your kick misses the quicksilver dragon.
You headbutt the quicksilver dragon, but do no damage.
The quicksilver dragon is lightly wounded.
You feel sick.
The quicksilver dragon barely misses you.
You block the quicksilver dragon's attack.
You block the moth of wrath's attack.
You closely miss the quicksilver dragon.
Your kick misses the quicksilver dragon.
The quicksilver dragon is lightly wounded.
The tentacled monstrosity tentacle-slaps you.
* * * LOW HITPOINT WARNING * * *
You block the tentacled monstrosity's attack. x2
The tentacled monstrosity constricts you.
* * * LOW HITPOINT WARNING * * *
You escape the tentacled monstrosity's grasp.
You feel sick.
The moth of wrath seems to be corroded for longer.
The quicksilver dragon completely misses you.
You block the quicksilver dragon's attack.
The quicksilver dragon completely misses you.
The quicksilver dragon claws you.
* * * LOW HITPOINT WARNING * * *
The green draconian monk completely misses you.
The green draconian monk kicks you!
* * * LOW HITPOINT WARNING * * *
You block the green draconian monk's attack.
The green draconian monk tail-slaps you!
* * * LOW HITPOINT WARNING * * *
The tentacled monstrosity tentacle-slaps you but does no damage. x3
The tentacled monstrosity completely misses you.
The quicksilver dragon misses you. The quicksilver dragon claws you!
* * * LOW HITPOINT WARNING * * *
The moth of wrath closely misses you.
You fly up through the gate.
Welcome back to the Depths!
You die...

##.))....'.##
#.##..
##..#[....#..##
#.#...
##..###...###..##
#..... ##..##
##### ##..##
#..... #..##
##..# #.....
##'## ###
##'###....#
####...## ##.##
##...##.....
#.#.....# ##D†y##
#.))[.#.....
#.#.....# #.X@..#
#.....#.....
#.#.....# ##.q.##
#.....#.....
##.##).[## ##.##
##...##.....
###..###)## #'#
##'#####...
.....# #.# #.#
##..# ###...
##...###'## ##'##
##..## #.#...
##..##...##
##...###..##
#..... #.##.....#
#.....#..##
#.....
##.##.....#
#...[.[.## #.....


You could see a tentacled monstrosity (berserk), a green draconian monk
(berserk), a quicksilver dragon (berserk, extremely poisoned) and a moth of
wrath (extremely poisoned, slow, corroded).

Vanquished Creatures
  An ancient lich (Abyss:3)
  A dread lich (Crypt:2)
  An orb of fire (Depths:4)
  Mennas (Crypt:3)
  Frederick (Crypt:3)
  Boris (twice) (Vaults:3 Crypt:1)
  Saint Roka (Depths:1)
  Vashnia (Snake:4)
  Xtahua (Crypt:3)
  Bai Suzhen (D:15)
  3 golden dragons
  Nikola (Snake:3)
  Jory (Crypt:3)
  2 profane servitors (Abyss:3)
  A hellephant (Abyss:3)
  7 tentacled monstrosities
  Rupert (D:12)
  3 liches
  8 titans
  3 acid blobs (Slime:1)
  3 deep elf master archers
  The ghost of Boaviesu the Blocker, an adept FoFi of Jiyva (Swamp:2)
  A quicksilver dragon (Vaults:5)
  2 deep elf blademasters
  9 tentacled starspawn
  2 krakens
  2 Executioners
  2 death cobs (Depths:4)
  2 thorn hunters
  Kirke (D:13)
  Agnes (Snake:2)
  4 sphinxes
  8 tengu reavers
  Gastronok (D:8)
  4 storm dragons
  A draconian monk (Depths:4)
  Roxanne (Snake:1)
  5 revenants
  6 fire giants
  8 nagarajas
  4 shadow dragons
  3 daevas (Abyss:3)
  2 rockslimes
  11 frost giants
  Louise (Snake:3)
  A balrug (Depths:1)
  Aizul (Snake:4)
  17 vault wardens
  11 deep elf sorcerers
  A ghost moth (Depths:4)
  A caustic shrike zombie (Crypt:3)
  13 ghouls
  2 curse skulls
  2 deep elf elementalists
  A draconian annihilator (Depths:4)
  5 orc warlords
  A juggernaut zombie (Crypt:3)
  3 demonspawn corrupters (WizLab)
  35 very ugly things
  4 spectral caustic shrikes (Depths:2)
  14 stone giants
  3 war gargoyles
  17 vampire knights
  23 ironbound preservers
  A reaper (Abyss:3)
  2 spriggan defenders
  7 ironbound thunderhulks
  7 deep elf demonologists
  A quicksilver ooze (Slime:1)
  2 green draconians (Abyss:3)
  3 eleionomae
  2 grey draconians (Depths:4)
  2 black draconians (Depths:4)
  2 yellow draconians (Depths:4)
  Nessos (D:15)
  Azrael (D:12)
  10 deep elf annihilators
  A minotaur (shapeshifter) (Vaults:5)
  4 dire elephants (Vaults:2)
  5 bunyips
  2 red draconians (Depths:4)
  3 spark wasps (Depths:4)
  9 deep elf death magi
  An acid blob zombie (Crypt:3)
  A blizzard demon (Abyss:3)
  5 eidola
  14 fire dragons
  10 jiangshi
  Snorg (D:11)
  19 yaktaur captains
  An entropy weaver (Vaults:3)
  20 ettins
  A ragged hierophant (Desolation)
  A spriggan zombie (Crypt:3)
  40 vault guards
  2 deep elf high priests (Elf:3)
  8 great orbs of eyes
  2 rakshasas
  5 ice dragons
  Erolcha (D:13)
  3 shambling mangroves
  Harold (D:10)
  13 hydras
  2 death knights
  4 ghost crabs
  5 peacekeepers
  10 ironbound frosthearts
  9 centaur warriors
  Erica (D:8)
  19 anacondas
  5 salamander tyrants
  7 spriggan air magi
  A spriggan skeleton (Crypt:1)
  2 ogre magi
  4 two-headed ogres
  A catoblepas (D:13)
  13 vampire magi
  9 alligators
  7 deep troll shamans
  9 boulder beetles
  9 death yaks
  6 thrashing horrors (Abyss:3)
  39 dancing weapons
  2 deep troll earth magi
  18 naga warriors
  8 tengu warriors
  Urug (D:13)
  A hell hog (Abyss:3)
  4 storm dragon zombies (Crypt:3)
  13 hell knights
  8 shock serpents
  3 orc high priests
  15 deep elf knights
  A titan zombie (Crypt:3)
  19 naga sharpshooters
  4 wretched stars
  12 spriggan berserkers
  Nergalle (D:10)
  2 soul eaters
  2 shadow wraiths
  5 skeletal warriors
  3 fire crabs
  A fire crab (shapeshifter) (Elf:1)
  5 iron trolls
  9 salamander mystics
  A skyshark (Lair:5)
  A golden dragon zombie (Crypt:3)
  A death drake (Swamp:4)
  56 deep trolls
  A sixfirhy (Abyss:3)
  A bunyip zombie (Crypt:3)
  7 goliath frogs
  3 sea snakes
  A storm dragon skeleton (Crypt:1)
  3 spriggan druids
  2 flayed ghosts
  5 glowing orange brains
  A sea snake (shapeshifter) (Vaults:5)
  A deep troll (shapeshifter) (Vaults:5)
  An orb spider (Abyss:3)
  15 swamp dragons
  11 bog bodies
  10 lindwurms
  18 wizards
  9 naga ritualists
  A steelbarb worm (shapeshifter) (Elf:3)
  13 deep elf archers
  26 ironbound convokers
  13 mana vipers
  16 orc knights
  12 starcursed masses (Abyss:3)
  10 necromancers
  A frost giant zombie (Depths:1)
  A goliath frog zombie (Crypt:2)
  5 harpies (Vaults:2)
  A harpy (shapeshifter) (Abyss:3)
  21 phantasmal warriors
  30 deep elf pyromancers
  A jorogumo zombie (Crypt:1)
  2 oklob plants (Lair:5)
  A tengu skeleton (Depths:1)
  31 deep elf zephyrmancers
  7 manticores
  5 orc sorcerers
  50 ugly things
  6 will-o-the-wisps
  A fire giant zombie (Depths:1)
  9 worldbinders
  A sphinx skeleton (Crypt:1)
  9 cyclopes
  A shadow dragon skeleton (Depths:1)
  A stone giant skeleton (Vaults:2)
  20 salamanders
  A frost giant skeleton (Crypt:3)
  2 moths of wrath (Depths:4)
  2 shining eyes (Slime:1)
  15 guardian serpents
  20 vault sentinels
  9 elephants
  A molten gargoyle (D:15)
  35 black mambas
  A dire elephant zombie (Crypt:3)
  An eye of devastation (Slime:1)
  An ice statue (IceCv)
  3 apocalypse crabs (Abyss:3)
  An eye of devastation (shapeshifter) (Depths:1)
  18 naga magi
  8 smoke demons
  A gargoyle (D:11)
  A water nymph (WizLab)
  8 cane toads
  An orb spider zombie (Crypt:3)
  4 rime drakes
  An unseen horror (shapeshifter) (D:14)
  Maggie (D:10)
  A dire elephant skeleton (Crypt:3)
  An unseen horror (Abyss:3)
  A kobold demonologist (D:9)
  8 komodo dragons
  4 efreet (Abyss:3)
  45 yaktaurs
  5 tengu conjurers
  10 freezing wraiths
  4 guardian mummies (Crypt:3)
  3 trolls
  5 tyrant leeches
  4 ancient zymes (Abyss:3)
  A silent spectre (Abyss:3)
  3 meliai (D:12)
  A bloated husk (Swamp:1)
  A queen bee (D:12)
  A troll (shapeshifter) (Vaults:5)
  29 hornets
  A hellwing (Abyss:3)
  27 polar bears
  8 saltlings
  A harpy skeleton (Crypt:2)
  8 raiju (Abyss:3)
  11 blink frogs
  An iron dragon simulacrum (Vaults:2)
  50 slime creatures
  An ettin zombie (Crypt:3)
  A dream sheep (Lair:5)
  A moth of wrath zombie (Crypt:1)
  Sigmund (D:4)
  An alligator skeleton (Crypt:1)
  A boulder beetle zombie (Crypt:3)
  6 flying skulls (Crypt:2)
  A shadow (D:10)
  3 ynoxinuls (Abyss:3)
  A stone giant simulacrum (Vaults:2)
  6 wyverns
  A black mamba zombie (Crypt:1)
  22 vampires (Crypt:3)
  2 air elementals
  9 wraiths
  34 spriggans
  10 small abominations
  7 basilisks
  A fire bat (Abyss:3)
  A fire bat (shapeshifter) (Depths:3)
  3 water elementals (Depths:3)
  68 yaks
  7 hogs
  15 large abominations
  A yak (shapeshifter) (D:12)
  The ghost of Brarox the Chopper, an amateur MiFi (D:3)
  Eustachio (D:5)
  5 golden eyes
  7 humans (D:13)
  6 neqoxecs
  A redback (shapeshifter) (Vaults:5)
  Grum (D:10)
  5 steam dragons
  A human (shapeshifter) (Elf:2)
  4 chaos spawn
  12 fire elementals
  21 vampire mosquitoes
  A swamp worm (shapeshifter) (Vaults:5)
  5 wargs
  Edmund (D:6)
  44 nagas
  A naga (shapeshifter) (Elf:3)
  A demonspawn zombie (Crypt:3)
  12 swamp worms
  6 acid dragons
  2 floating eyes
  A hell hound (D:13)
  8 water moccasins
  A lindwurm zombie (Crypt:3)
  34 orc warriors
  A black bear (shapeshifter) (Elf:1)
  An ettin simulacrum (Depths:1)
  8 swamp drakes (Swamp:4)
  3 black bears
  14 ogres
  6 centaurs
  32 wolves
  9 boggarts
  A phantom (D:3)
  A hog zombie (Crypt:3)
  6 kobold brigands
  16 bullfrogs
  7 scorpions
  A wyvern zombie (Crypt:2)
  5 gnoll sergeants
  3 earth elementals
  9 necrophages
  A water moccasin zombie (Crypt:2)
  13 wights
  30 killer bees
  4 howler monkeys
  A wolf zombie (Crypt:3)
  4 human zombies
  2 quasits (Abyss:3)
  2 centaur zombies (Ossuary)
  18 orc priests
  A hound (D:6)
  3 gnoll boudas
  An iron imp (D:5)
  6 jellies
  5 iguanas (D:6)
  4 scorpion zombies (Ossuary)
  31 orc wizards
  A boggart zombie (Crypt:2)
  An acid dragon zombie (Crypt:3)
  An ice beast zombie (Crypt:1)
  3 naga zombies
  An acid dragon skeleton (Crypt:3)
  An ogre skeleton (Crypt:2)
  3 mummies (Ossuary)
  16 gnolls
  10 adders
  2 shadow imps
  2 white imps
  4 ufetubi
  A worm (D:5)
  2 dart slugs
  71 orcs
  9 endoplasms
  4 giant cockroaches
  A gnoll zombie (Ossuary)
  8 goblins
  6 hobgoblins
  4 jackals (D:1)
  23 kobolds
  6 quokkas
  4 ball pythons
  7 bats
  A dart slug zombie (Crypt:2)
  6 frilled lizards
  A giant cockroach zombie (Crypt:3)
  A goblin zombie (Crypt:2)
  3 hobgoblin zombies (Ossuary)
  A jackal skeleton (Crypt:1)
  2 kobold zombies (Ossuary)
  3 orc zombies
  7 rats
  A rat zombie (Crypt:3)
  A spectral orc (D:15)
  A fire vortex (D:15)
  4 starspawn tentacles (Abyss:3)
  3 tentacles (Swamp:1)
2467 creatures vanquished.

Vanquished Creatures (others)
  A nagaraja (Snake:4)
  A naga warrior (Snake:4)
  A deep elf zephyrmancer (Elf:2)
  3 bloated husks
  An acid dragon (shapeshifter) (Vaults:5)
  A swamp worm (Swamp:4)
  2 swamp drakes (Swamp:4)
  An orc warrior (Orc:2)
  An orc wizard (D:10)
  A kobold (D:6)
  4 briar patches
  22 foxfires
  30 fungi
  53 plants
  20 starspawn tentacles
  5 tentacles (Swamp:1)
147 creatures vanquished.

Grand Total: 2614 creatures vanquished

Notes
Turn   | Place    | Note
-------+----------+-------------------------------------------
     0 | D:1      | Drachta the Demonspawn Hedge Wizard began the quest for the
                  | Orb.
     0 | D:1      | Reached XP level 1. HP: 13/13 MP: 4/4
   438 | D:1      | Discovered your monstrous ancestry.
   438 | D:1      | Gained mutation: You have a pair of small horns on your
                  | head. [demonic ancestry]
   438 | D:1      | Reached XP level 2. HP: 20/20 MP: 6/6
   458 | D:1      | Learned a level 2 spell: Blink
  1219 | D:2      | Gained mutation: You have a pair of horns on your head.
                  | [demonic ancestry]
  1219 | D:2      | Reached XP level 3. HP: 25/25 MP: 7/7
  1778 | D:2      | Reached skill level 1 in Fighting
  2047 | D:2      | Reached XP level 4. HP: 32/32 MP: 7/9
  2517 | D:3      | Reached skill level 2 in Fighting
  2517 | D:3      | Reached skill level 1 in Armour
  2517 | D:3      | Reached XP level 5. HP: 18/38 MP: 4/10
  2598 | D:3      | Found a faded altar of an unknown god.
  2926 | D:3      | Found a runed translucent gate.
  2938 | D:3      | Found a runed translucent gate.
  2938 | D:3      | Found a runed translucent gate.
  2940 | D:3      | Found an opulent altar of Gozag.
  2941 | D:3      | Noticed a phantom
  2942 | D:3      | Noticed Brarox's ghost (amateur MiFi)
  3567 | D:4      | Reached skill level 1 in Short Blades
  3567 | D:4      | Found a sand-covered staircase.
  3575 | Ossuary  | Entered an ossuary
  3701 | Ossuary  | Gained mutation: Your touch may inflict minor irresistible
                  | damage on your foes. [demonic ancestry]
  3701 | Ossuary  | Reached XP level 6. HP: 37/46 MP: 8/11
  3816 | Ossuary  | Reached skill level 3 in Fighting
  3910 | Ossuary  | Gained mutation: You have a pair of large horns on your
                  | head. [demonic ancestry]
  3910 | Ossuary  | Reached XP level 7. HP: 30/52 MP: 8/13
  3967 | Ossuary  | Identified a scroll of acquirement
  3967 | Ossuary  | Acquired 918 gold pieces
  3972 | Ossuary  | Gained mutation: You are clumsy. (Dex -2) [potion of
                  | mutation]
  3972 | Ossuary  | Gained mutation: Your flesh is cold resistant. (rC+)
                  | [potion of mutation]
  3972 | Ossuary  | Gained mutation: You sometimes lose your temper in combat.
                  | [potion of mutation]
  3973 | Ossuary  | Lost mutation: Your flesh is cold resistant. (rC+) [potion
                  | of mutation]
  3973 | Ossuary  | Lost mutation: You sometimes lose your temper in combat.
                  | [potion of mutation]
  3973 | Ossuary  | Gained mutation: Your natural rate of healing is unusually
                  | fast. [potion of mutation]
  3973 | Ossuary  | Gained mutation: You are frail. (-10% HP) [potion of
                  | mutation]
  3973 | Ossuary  | Gained mutation: You have hidden genetic potential. [potion
                  | of mutation]
  4138 | Ossuary  | Reached skill level 4 in Fighting
  4327 | D:4      | Noticed Sigmund
  4337 | D:4      | Killed Sigmund
  4338 | D:4      | Gained mutation: You sometimes gain a little power by
                  | taking damage. [demonic ancestry]
  4338 | D:4      | Reached XP level 8. HP: 35/54 MP: 14/14
  4339 | D:4      | Gained mutation: Your spells are a little harder to cast,
                  | but a little more powerful. [hidden potential]
  4921 | D:5      | Entered Level 5 of the Dungeon
  5083 | D:5      | Noticed Eustachio
  5100 | D:5      | Killed Eustachio
  5101 | D:5      | Reached skill level 5 in Fighting
  5153 | D:5      | Found a snail-covered altar of Cheibriados.
  5588 | D:6      | Noticed Edmund
  5662 | D:6      | Found a staircase to the Ecumenical Temple.
  5671 | Temple   | Entered the Ecumenical Temple
  5676 | Temple   | Became a worshipper of Warmaster Okawaru
  5694 | D:6      | Killed Edmund
  5896 | D:6      | Gained mutation: You have large cloven feet. [demonic
                  | ancestry]
  5896 | D:6      | Reached XP level 9. HP: 51/62 MP: 15/15
  5899 | D:6      | Reached * piety under Okawaru
  5899 | D:6      | Gained mutation: Your spells are harder to cast, but more
                  | powerful. [hidden potential]
  5899 | D:6      | Lost mutation: You have hidden genetic potential. [hidden
                  | potential expressed]
  5900 | D:6      | Reached skill level 5 in Short Blades
  6080 | D:6      | Reached skill level 6 in Fighting
  6485 | D:7      | Found a basalt altar of Yredelemnul.
  7014 | D:7      | Found a hazy altar of Hepliaklqana.
  7035 | D:7      | Reached skill level 7 in Fighting
  7073 | D:7      | Found Bomaezow's Antique Weapon Boutique.
  7132 | D:7      | Reached skill level 5 in Armour
  7192 | D:7      | Found an opulent altar of Gozag.
  7443 | D:8      | Reached ** piety under Okawaru
  7519 | D:8      | Got the Guidebook on Astrapomancy
  7571 | D:8      | Reached XP level 10. HP: 72/72 MP: 16/16
  7586 | D:8      | Noticed Gastronok
  7628 | D:8      | Killed Gastronok
  7628 | D:8      | Reached *** piety under Okawaru
  7629 | D:8      | Reached skill level 8 in Fighting
  7738 | D:8      | Found Vunut's Antique Armour Shop.
  7912 | D:8      | Noticed Erica
  7933 | D:8      | Killed Erica
  7933 | D:8      | Reached **** piety under Okawaru
  8001 | D:8      | Found a sacrificial altar of Ru.
  8003 | D:8      | Found a stormy altar of Qazlal.
  8003 | D:8      | Found a bloodstained altar of Trog.
  8004 | D:8      | Found a radiant altar of Vehumet.
  8004 | D:8      | Found a sparkling altar of Nemelex Xobeh.
  8005 | D:8      | Found a broken altar of Ashenzari.
  8006 | D:8      | Found an ancient bone altar of Kikubaaqudgha.
  8007 | D:8      | Found a shadowy altar of Dithmenos.
  8007 | D:8      | Found an ornate altar of the Wu Jian Council.
  8196 | D:9      | Found Sipniduts's Distillery.
  8297 | D:9      | Found Keonoh's Antique Armour Emporium.
  8339 | D:9      | Found Umesin's Weapon Emporium.
  8477 | D:9      | Reached ***** piety under Okawaru
  8619 | D:9      | Gained mutation: Your touch may inflict irresistible damage
                  | on your foes. [demonic ancestry]
  8619 | D:9      | Reached XP level 11. HP: 68/78 MP: 17/17
  8734 | D:9      | Found Favaitha's Distillery.
  8839 | D:9      | Found a staircase to the Lair.
  8937 | D:9      | Noticed a two-headed ogre
  8949 | D:9      | Killed a two-headed ogre
  8950 | D:9      | Reached skill level 9 in Fighting
  8954 | D:9      | Noticed a centaur warrior
  8955 | D:9      | Noticed a green ugly thing
  8973 | D:9      | Killed a centaur warrior
  8985 | D:9      | Killed a green ugly thing
  8985 | D:9      | Identified the +2 pair of boots "Jeqiud" {rElec Str-2
                  | Slay+5} (Okawaru gifted it to you on level 9 of the
                  | Dungeon)
  8985 | D:9      | Received a gift from Okawaru
  9012 | D:9      | Noticed a boulder beetle
  9031 | Lair:1   | Entered Level 1 of the Lair of Beasts
  9031 | Lair:1   | Found a frozen archway.
  9051 | IceCv    | Entered an ice cave
  9257 | IceCv    | Identified the +5 shortbow "Haojikuun" {heavy, rC- Will+
                  | Int+3}
  9308 | IceCv    | Reached skill level 10 in Fighting
  9308 | IceCv    | Reached skill level 1 in Shields
  9469 | IceCv    | Gained mutation: You regenerate magic rapidly. [demonic
                  | ancestry]
  9469 | IceCv    | Reached XP level 12. HP: 88/88 MP: 18/18
  9505 | IceCv    | Noticed a death yak
  9514 | IceCv    | Reached skill level 10 in Short Blades
  9534 | IceCv    | Killed a death yak
  9561 | IceCv    | Reached skill level 5 in Dodging
  9629 | IceCv    | Noticed a frost giant
  9629 | IceCv    | Noticed a death yak
  9723 | IceCv    | Noticed a death yak
  9734 | IceCv    | Killed a death yak
  9737 | IceCv    | Killed a death yak
  9737 | IceCv    | Received a gift from Okawaru
  9738 | IceCv    | Reached skill level 11 in Fighting
  9755 | IceCv    | Killed a frost giant
  9797 | IceCv    | Got the Codex of the Fifty Lies
 10842 | Lair:2   | Noticed a six-headed hydra
 10860 | Lair:2   | Killed a six-headed hydra
 11053 | Lair:2   | Identified the +6 rapier "Sibred" {pain, rPois} (Okawaru
                  | gifted it to you on level 2 of the Lair of Beasts)
 11053 | Lair:2   | Received a gift from Okawaru
 11097 | Lair:2   | Reached ****** piety under Okawaru
 11098 | Lair:2   | Reached skill level 5 in Shields
 11331 | Lair:2   | Gained mutation: When hurt, damage is shared between your
                  | health and your magic reserves. [demonic ancestry]
 11331 | Lair:2   | Reached XP level 13. HP: 87/88 MP: 19/19
 11356 | Lair:2   | Found a staircase to the Snake Pit.
 11363 | Lair:2   | Reached skill level 10 in Armour
 11789 | Lair:3   | Found a staircase to the Swamp.
 12210 | Lair:3   | Reached skill level 12 in Fighting
 12751 | Lair:4   | Identified the +5 ring mail of Bieteen {rF+ rN+ Str-3}
                  | (Okawaru gifted it to you on level 4 of the Lair of Beasts)
 12751 | Lair:4   | Received a gift from Okawaru
 13558 | Lair:5   | Entered Level 5 of the Lair of Beasts
 13956 | Lair:5   | Found a staircase to the Slime Pits.
 14073 | Lair:4   | Reached skill level 13 in Fighting
 14199 | Lair:5   | Identified the +3 buckler of Tosami {rC+} (Okawaru gifted
                  | it to you on level 5 of the Lair of Beasts)
 14199 | Lair:5   | Received a gift from Okawaru
 14200 | Lair:5   | Reached skill level 1 in Necromancy
 14206 | Lair:5   | Gained mutation: When low on magic, you restore magic in
                  | place of health. [demonic ancestry]
 14206 | Lair:5   | Reached XP level 14. HP: 92/104 MP: 17/20
 15464 | D:9      | Found a runed translucent door.
 15514 | D:9      | Identified the staff of cold "Luavid" {+Blink rF- rC+
                  | Will+++ Stlth+}
 15628 | D:10     | Entered Level 10 of the Dungeon
 15629 | D:10     | Noticed Grum
 15644 | D:10     | Killed Grum
 15663 | D:10     | Noticed Maggie
 15676 | D:10     | Killed Maggie
 15834 | D:10     | Found a staircase to the Orcish Mines.
 16094 | D:10     | Acquired a manual of Spellcasting
 16626 | D:11     | Identified the +0 crystal plate armour "Walucixo" {Rampage
                  | Fly Dex+2 SInv} (Okawaru gifted it to you on level 11 of
                  | the Dungeon)
 16626 | D:11     | Received a gift from Okawaru
 16736 | D:11     | Noticed Snorg
 16751 | D:11     | Killed Snorg
 16752 | D:11     | Reached skill level 5 in Spellcasting
 17078 | D:12     | Found a snail-covered altar of Cheibriados.
 17789 | D:13     | Noticed Azrael
 17828 | D:12     | Killed Azrael
 17853 | D:13     | Reached skill level 5 in Necromancy
 17867 | D:13     | Gained mutation: You have hoof-like feet. [demonic
                  | ancestry]
 17867 | D:13     | Reached XP level 15. HP: 111/112 MP: 22/24
 17875 | D:13     | Identified the +1 robe of Avog {Str+2}
 18055 | D:13     | Reached skill level 14 in Fighting
 18082 | D:13     | Noticed Rupert
 18086 | D:13     | Noticed Kirke
 18148 | D:12     | Killed Rupert
 18149 | D:12     | Identified the +4 scale mail "Zediliwn" {Rampage Int+3}
                  | (Okawaru gifted it to you on level 12 of the Dungeon)
 18149 | D:12     | Received a gift from Okawaru
 18215 | D:13     | Reached skill level 1 in Invocations
 18222 | D:13     | Noticed Erolcha
 18238 | D:13     | Killed Erolcha
 18336 | D:13     | Noticed Urug
 18345 | D:13     | Killed Urug
 18565 | D:13     | Killed Kirke
 18705 | D:13     | Found a gate to the Vaults.
 19462 | D:15     | Entered Level 15 of the Dungeon
 19548 | D:15     | Found the ring of the Hare {EV+10}
 20074 | D:15     | Found a staircase to the Depths.
 20379 | D:15     | Noticed Nessos
 20402 | D:15     | Killed Nessos
 20625 | D:15     | Found a basalt altar of Yredelemnul.
 20766 | Orc:1    | Entered Level 1 of the Orcish Mines
 20766 | Orc:1    | Noticed Harold
 20766 | Orc:1    | Noticed Nergalle
 20776 | Orc:1    | Noticed Sonja
 20796 | D:10     | Killed Nergalle
 20829 | D:10     | Killed Harold
 20845 | Abyss:1  | Cast into level 1 of the Abyss (Sonja)
 20981 | Abyss:1  | Noticed an Executioner
 21008 | Abyss:1  | Reached skill level 15 in Fighting
 21023 | Abyss:1  | Killed an Executioner
 21024 | Abyss:1  | Reached XP level 16. HP: 42/122 MP: 20/28
 21058 | Abyss:1  | Reached skill level 10 in Shields
 21098 | Abyss:1  | Gained mutation: Potions are less effective at restoring
                  | your health. [a neqoxec]
 21109 | Abyss:1  | Lost mutation: Potions are less effective at restoring your
                  | health. [potion of mutation]
 21109 | Abyss:1  | Lost mutation: You are frail. (-10% HP) [potion of
                  | mutation]
 21109 | Abyss:1  | Lost mutation: Your spells are harder to cast, but more
                  | powerful. [potion of mutation]
 21109 | Abyss:1  | Lost mutation: You are very clumsy. (Dex -4) [potion of
                  | mutation]
 21138 | Abyss:1  | Noticed a tentacled starspawn
 21151 | Abyss:1  | Killed a tentacled starspawn
 21172 | Orc:1    | Escaped the Abyss
 21197 | Orc:1    | Sonja changed into Sonja the wyvern
 21197 | Orc:1    | Noticed Sonja
 21199 | Orc:1    | Killed Sonja the wyvern
 21199 | Orc:1    | Identified the +2 pair of boots of Autotheism {rElec}
                  | (Okawaru gifted it to you on level 1 of the Orcish Mines)
 21199 | Orc:1    | Received a gift from Okawaru
 21297 | Orc:1    | Found Tuhyak's Antique Armour Shoppe.
 21609 | Orc:2    | Entered Level 2 of the Orcish Mines
 21951 | Orc:2    | Found a staircase to the Elven Halls.
 21983 | Orc:2    | Found Cacuv's Book Shop.
 22254 | Orc:2    | Found Laipluss's Antique Weapon Shop.
 22269 | Orc:2    | Found Tytook's General Store.
 22277 | Orc:2    | Bought a potion of invisibility for 96 gold pieces
 22277 | Orc:2    | Bought a scroll of enchant weapon for 90 gold pieces
 22330 | Orc:2    | Found Kummiap's Antique Armour Shop.
 22336 | Orc:2    | Bought a pair of twisted gloves for 294 gold pieces
 22336 | Orc:2    | Identified the +2 pair of gloves of the Sun {rPois Str+3}
                  | (You bought it in a shop on level 2 of the Orcish Mines)
 22336 | Orc:2    | Bought jewelled fire dragon scales for 2015 gold pieces
 22336 | Orc:2    | Identified the +0 fire dragon scales of Love and Death
                  | {rF++ rC- Str+4} (You bought it in a shop on level 2 of the
                  | Orcish Mines)
 22601 | Swamp:1  | Entered Level 1 of the Swamp
 22671 | Swamp:1  | Noticed a thorn hunter
 22757 | Lair:3   | Killed a thorn hunter
 22821 | Swamp:1  | Noticed a kraken
 22859 | Swamp:1  | Killed a kraken
 23443 | Swamp:2  | Identified the +0 plate armour of Articulation {Harm
                  | Rampage Int-4} (Okawaru gifted it to you on level 2 of the
                  | Swamp)
 23443 | Swamp:2  | Received a gift from Okawaru
 23513 | Swamp:2  | Reached skill level 10 in Spellcasting
 23647 | Swamp:2  | Found a runed translucent door.
 23647 | Swamp:2  | Found a shimmering altar of Xom.
 23647 | Swamp:2  | Noticed Boaviesu's ghost (adept FoFi)
 23966 | D:3      | Killed Brarox's ghost
 24630 | Swamp:3  | Noticed a thorn hunter
 24661 | Swamp:3  | Killed a thorn hunter
 24855 | Swamp:3  | Reached skill level 16 in Fighting
 24916 | Swamp:3  | Received a gift from Okawaru
 25020 | Swamp:3  | Gained mutation: You have hooves in place of feet. [demonic
                  | ancestry]
 25020 | Swamp:3  | Reached XP level 17. HP: 138/143 MP: 29/31
 25137 | Swamp:4  | Entered Level 4 of the Swamp
 25749 | Swamp:4  | Got a decaying rune of Zot
 25977 | Snake:1  | Entered Level 1 of the Snake Pit
 26077 | Snake:1  | Identified the quicksilver dragon scales of Baldness {rF++
                  | Will+ Dex-3} (Okawaru gifted it to you on level 1 of the
                  | Snake Pit)
 26077 | Snake:1  | Received a gift from Okawaru
 26217 | Snake:1  | Got the Atlas of Remoulded Heat
 26257 | Snake:1  | Identified the +4 plate armour of Hide-and-Seek {Int+5
                  | Dex-5}
 26286 | Snake:1  | Identified the +3 scimitar "Waovar" {freeze, rF+}
 26300 | Snake:1  | Identified Roxanne's Omnibus of the First Scars
 26300 | Snake:1  | Noticed Roxanne
 26347 | Snake:1  | Killed Roxanne
 27262 | Snake:2  | Noticed Agnes
 27279 | Snake:2  | Killed Agnes
 27416 | Snake:2  | Reached skill level 17 in Fighting
 27615 | Snake:2  | Identified the +1 robe "Oficvis" {-Tele Int+5} (Okawaru
                  | gifted it to you on level 2 of the Snake Pit)
 27615 | Snake:2  | Received a gift from Okawaru
 27622 | Snake:2  | Found a runed translucent door.
 27687 | Snake:2  | Gained mutation: You sometimes gain power by taking damage.
                  | [demonic ancestry]
 27687 | Snake:2  | Reached XP level 18. HP: 154/154 MP: 34/34
 27719 | Snake:2  | Identified the staff of death "Plog" {rElec rC+ rN+}
 28383 | Snake:3  | Noticed Louise
 28405 | Snake:3  | Killed Louise
 28667 | Snake:3  | Found a transporter.
 28668 | Snake:3  | Found a shimmering blue altar of Sif Muna.
 28916 | Snake:3  | Found Myts's Jewellery Shop.
 28917 | Snake:3  | Found Kiysm's Book Shoppe.
 28918 | Snake:3  | Found Vujed's Jewellery Shop.
 28927 | Snake:3  | Bought the amulet of a Million Moons {rF+ Regen+ Int+3} for
                  | 603 gold pieces
 28940 | Snake:3  | Bought a ring of protection from cold for 300 gold pieces
 29645 | Snake:3  | Found a transporter.
 29720 | Snake:4  | Entered Level 4 of the Snake Pit
 29942 | Snake:4  | Identified the +13 plate armour "Zitemyg" {rElec Will+
                  | Dex+3} (Okawaru gifted it to you on level 4 of the Snake
                  | Pit)
 29942 | Snake:4  | Received a gift from Okawaru
 30147 | Snake:4  | Noticed Nikola
 30183 | Snake:3  | Killed Nikola
 30244 | Snake:4  | Acquired 873 gold pieces
 30330 | Snake:4  | Reached skill level 18 in Fighting
 30509 | Snake:4  | Found an iron altar of Okawaru.
 30536 | Snake:4  | Noticed Aizul
 30560 | Snake:4  | Killed Aizul
 30903 | Snake:4  | Noticed Vashnia
 30945 | Snake:4  | Killed Vashnia
 31015 | Snake:4  | Gained mutation: Your presence sometimes corrodes those you
                  | injure. [demonic ancestry]
 31015 | Snake:4  | Reached XP level 19. HP: 109/164 MP: 29/36
 31120 | Snake:4  | Got a serpentine rune of Zot
 31573 | Elf:1    | Entered Level 1 of the Elven Halls
 31655 | Elf:1    | Found a crumbling gateway.
 31659 | Desolati | Entered the Desolation of Salt
 31678 | Desolati | Identified the +1 dagger of Resourcefulness {heavy, Fragile
                  | rN+ Int+5 Dex+3} (Okawaru gifted it to you in the
                  | Desolation of Salt)
 31678 | Desolati | Received a gift from Okawaru
 32121 | Elf:1    | Got the Elucidation of the Volley
 32592 | Elf:2    | Reached skill level 15 in Shields
 32609 | Elf:2    | Identified the +10 dagger of Perfectionism {venom, MP+9
                  | Str+3}
 32731 | Elf:2    | Reached skill level 19 in Fighting
 32747 | Elf:2    | Identified the +0 buckler of Okawaru {rElec rPois rC+
                  | Dex-2} (Okawaru gifted it to you on level 2 of the Elven
                  | Halls)
 32747 | Elf:2    | Received a gift from Okawaru
 33060 | Elf:2    | Found a runed translucent gate.
 33060 | Elf:2    | Found a runed translucent gate.
 33066 | Elf:2    | Found a runed translucent gate.
 33572 | Elf:2    | Reached skill level 15 in Armour
 33924 | Elf:3    | Entered Level 3 of the Elven Halls
 34355 | Elf:3    | Identified the +7 falchion "Roergho" {venom, rPois Int+4}
 34445 | Elf:3    | Identified the +6 quarterstaff of Okawaru, Growing {flame,
                  | rCorr Dex+3 SInv} (Okawaru gifted it to you on level 3 of
                  | the Elven Halls)
 34445 | Elf:3    | Received a gift from Okawaru
 34448 | Elf:3    | Gained mutation: Your touch may irresistibly damage your
                  | foes and sap their willpower. [demonic ancestry]
 34448 | Elf:3    | Reached XP level 20. HP: 97/168 MP: 35/38
 34530 | Elf:3    | Identified the +8 flail "Rutunt" {vamp, rPois Int-3 Dex+5}
 34554 | Elf:3    | Identified the +2 ice dragon scales of Temperance {rPois
                  | rF- rC++ Int+3}
 34573 | Elf:3    | HP: 6/176 [deep elf high priest/a malign offering (21)]
 34578 | Elf:3    | Paralysed by an air elemental for 1 turns
 34583 | Elf:3    | Paralysed by an air elemental for 1 turns
 34583 | Elf:3    | HP: 8/176 [air elemental/stunning burst (5)]
 34584 | Elf:3    | HP: 3/176 [air elemental/stunning burst (6)]
 35017 | Elf:3    | Identified the ring "Hero's Friend" {Fire Drain Str+4}
 35023 | Elf:3    | Identified the ring of Utasem Umuge {rElec Str+6}
 35241 | Elf:3    | Reached skill level 20 in Fighting
 35401 | Elf:3    | Identified the staff of cold "Bopp" {rC+ rCorr Str-2
                  | Stlth+}
 35440 | Elf:3    | Identified the staff of fire "Zahef" {rPois rF+ rC+ Int+2
                  | Dex+3}
 35461 | Elf:3    | Identified the +1 arbalest of Lies {freeze, MP-9 Str+7}
 35489 | Elf:3    | Identified the +3 whip "Xongaq" {flame, *Corrode rC+ Int+3}
 35749 | Vaults:1 | Entered Level 1 of the Vaults
 35764 | Vaults:1 | Identified the +6 scale mail "Xyvio" {Harm rPois Int-3
                  | Slay+3} (Okawaru gifted it to you on level 1 of the Vaults)
 35764 | Vaults:1 | Received a gift from Okawaru
 35886 | Vaults:1 | Reached skill level 15 in Spellcasting
 36808 | Vaults:1 | Identified the +5 ring mail of Qiruot {*Slow Str-4 Dex+8
                  | SInv} (Okawaru gifted it to you on level 1 of the Vaults)
 36808 | Vaults:1 | Received a gift from Okawaru
 37266 | Vaults:2 | Noticed Zenata
 37523 | Vaults:2 | Reached XP level 21. HP: 184/184 MP: 40/40
 37612 | Vaults:2 | Identified the +2 cloak "Pusir" {rF++ Dex-5}
 37654 | Vaults:2 | Found a radiant altar of Vehumet.
 37670 | Vaults:2 | Identified the +0 robe "Kehugisch" {Fly}
 37671 | Vaults:2 | Identified the +0 hat of Judghono {rC++ rCorr Dex+6 Stlth-}
 37672 | Vaults:2 | Identified the +0 robe of the Distant Future {rElec rF+
                  | Str-4 Int+2}
 37688 | Vaults:2 | Identified the +0 robe of Leapfrog {Int+5 Dex+3}
 38224 | Vaults:2 | Acquired 885 gold pieces
 38335 | Vaults:2 | Reached skill level 21 in Fighting
 38530 | Vaults:2 | HP: 7/186 [peacekeeper (5)]
 38974 | Vaults:2 | Identified the +0 chain mail "Buqurad" {Will++ Str-3}
                  | (Okawaru gifted it to you on level 2 of the Vaults)
 38974 | Vaults:2 | Received a gift from Okawaru
 39571 | Vaults:3 | Found Juyhuida's Antique Weapon Boutique.
 39712 | Vaults:3 | Noticed Boris
 39742 | Vaults:3 | Killed Boris
 39829 | Vaults:3 | Found a staircase to the Crypt.
 41531 | Vaults:4 | Identified the +2 pair of boots of the Gardener {rC- rN+
                  | Will+}
 41683 | Vaults:4 | Received a gift from Okawaru
 41684 | Vaults:4 | Gained mutation: You are powered by pain. [demonic
                  | ancestry]
 41684 | Vaults:4 | Reached XP level 22. HP: 188/196 MP: 39/41
 41782 | Vaults:4 | Reached skill level 22 in Fighting
 41863 | Vaults:4 | Identified the staff of earth "Cevet" {rElec rCorr}
 42049 | Vaults:4 | Found Guic's Magic Scroll Shop.
 42053 | Vaults:4 | Bought a scroll of teleportation for 66 gold pieces
 42053 | Vaults:4 | Bought a scroll of teleportation for 66 gold pieces
 42280 | Vaults:5 | Entered Level 5 of the Vaults
 42722 | Vaults:5 | Identified the ring of Ycviefex {rC+ Will+ Int+3}
 42763 | Vaults:5 | Noticed a golden dragon
 42780 | Vaults:5 | Killed a golden dragon
 42781 | Vaults:5 | Reached skill level 10 in Dodging
 42889 | Vaults:5 | Identified the staff of fire "Ojanit" {rElec rPois rF+
                  | Int-5 Stlth+}
 42890 | Vaults:5 | Identified the +3 long sword "Ehoclol" {freeze, rF+++ MP-9
                  | Str-2 Dex+8}
 43090 | Vaults:5 | Got the Atlas of Supportive Metamorphosis
 43148 | Vaults:5 | Identified the +11 dagger "Kevyeta" {drain, rPois Will+}
                  | (Okawaru gifted it to you on level 5 of the Vaults)
 43148 | Vaults:5 | Received a gift from Okawaru
 43345 | Vaults:5 | Got a silver rune of Zot
 43945 | Vaults:5 | Identified the +1 robe of Dithmenos's Whim {rC++ Str+3
                  | Dex+3}
 44038 | Vaults:5 | Identified the ring "Meged" {rF+ Will+ Int+2 SInv}
 44150 | Vaults:5 | Reached skill level 23 in Fighting
 44179 | Vaults:5 | Received a gift from Okawaru
 44242 | Vaults:5 | Gained mutation: Your presence sometimes corrodes or
                  | deforms those you injure. [demonic ancestry]
 44242 | Vaults:5 | Reached XP level 23. HP: 137/201 MP: 42/42
 44416 | Vaults:5 | Identified the +8 short sword "Uplubrou" {freeze, +Blink
                  | rCorr}
 45252 | Swamp:2  | Killed Boaviesu's ghost
 45266 | Swamp:2  | Identified the +0 scale mail of the Bagpipe {rN+ Int-4
                  | Stlth+}
 45469 | Depths:1 | Entered Level 1 of the Depths
 45469 | Depths:1 | Noticed Bai Suzhen
 45469 | Depths:1 | Found a hide-covered altar of Uskayaw.
 45507 | D:15     | Killed Bai Suzhen
 45809 | Depths:1 | Found a gateway to Hell.
 46184 | Depths:1 | Noticed Saint Roka
 46273 | Depths:1 | Killed Saint Roka
 46796 | Depths:2 | Found a corrupted altar of Lugonu.
 46798 | Depths:2 | Found a one-way gate to the infinite horrors of the Abyss.
 46962 | Depths:2 | Found a magical portal.
 46967 | WizLab   | Entered Alistair's Party Mansion
 47574 | WizLab   | Received a gift from Okawaru
 47624 | WizLab   | Acquired a manual of Short Blades
 48181 | Depths:2 | Reached skill level 5 in Invocations
 48238 | Depths:2 | Identified the +6 arbalest of Joshacol {drain, rN+++}
                  | (Okawaru gifted it to you on level 2 of the Depths)
 48238 | Depths:2 | Received a gift from Okawaru
 48418 | Depths:2 | You are sucked into a shaft and drop 1 floor!
 48534 | Depths:2 | Found a one-way gateway to a ziggurat.
 48571 | Depths:2 | Reached XP level 24. HP: 193/200 MP: 41/42
 48808 | Depths:2 | Found a one-way gate leading to the halls of Pandemonium.
 49054 | Depths:2 | Reached skill level 1 in Translocations
 49327 | Depths:3 | Reached skill level 24 in Fighting
 49392 | Depths:3 | Paralysed by a floating eye for 4 turns
 49416 | Depths:3 | Paralysed by a floating eye for 2 turns
 49653 | Depths:3 | Identified the +5 rapier "Amneic" {drain, rC+ Stlth+}
 49660 | Depths:3 | Identified the ring of Rulugoet {rElec Will+ rCorr Str+6
                  | Dex+3}
 50080 | Depths:4 | Entered Level 4 of the Depths
 50089 | Depths:4 | Identified the +8 kite shield of True Grit {rF+ rC+ rN+
                  | Int+2} (Okawaru gifted it to you on level 4 of the Depths)
 50089 | Depths:4 | Received a gift from Okawaru
 50206 | Depths:4 | Found a blossoming altar of Fedhas.
 50345 | Depths:4 | Identified the +11 mace "Xopot" {venom, rPois rC+ Str-5
                  | Dex+3}
 50788 | Depths:4 | Found a gate to the Realm of Zot.
 51327 | Depths:4 | Paralysed by a hornet for 2 turns
 51600 | Depths:3 | Voluntarily entered the Abyss.
 51893 | Abyss:3  | Gained mutation: You are partially covered in large bone
                  | plates. (SH +4) [a neqoxec]
 51923 | Abyss:3  | Identified the +12 crystal plate armour of Axineuss {rF+}
                  | (Okawaru gifted it to you on level 3 of the Abyss)
 51923 | Abyss:3  | Received a gift from Okawaru
 52077 | Abyss:3  | Reached skill level 5 in Conjurations
 52218 | Abyss:3  | Gained mutation: Your magical capacity is low. (-10% MP) [a
                  | neqoxec]
 52288 | Abyss:3  | Found a corrupted altar of Lugonu.
 52299 | Abyss:3  | Found a corrupted altar of Lugonu.
 52299 | Abyss:3  | Found a corrupted altar of Lugonu.
 52461 | Abyss:3  | Found a corrupted altar of Lugonu.
 52944 | Abyss:3  | Noticed an ancient lich
 53000 | Abyss:3  | Killed an ancient lich
 53054 | Abyss:3  | Reached XP level 25. HP: 222/225 MP: 38/38
 53401 | Abyss:3  | Paralysed by you for 3 turns
 53413 | Abyss:3  | Got an abyssal rune of Zot
 53434 | Depths:3 | Escaped the Abyss
 53709 | Crypt:1  | Entered Level 1 of the Crypt
 53902 | Crypt:1  | Received a gift from Okawaru
 54353 | Crypt:1  | Noticed Boris
 54380 | Crypt:1  | Killed Boris
 54577 | Crypt:2  | Reached skill level 5 in Translocations
 54788 | Crypt:2  | Noticed a dread lich
 54805 | Crypt:2  | Killed a dread lich
 55047 | Crypt:2  | Gained mutation: You can speak a Word of Chaos. [demonic
                  | ancestry]
 55047 | Crypt:2  | Reached XP level 26. HP: 233/233 MP: 39/39
 55232 | Crypt:2  | Identified the +0 ring mail of Gallantry {Drain rElec rN+}
                  | (Okawaru gifted it to you on level 2 of the Crypt)
 55232 | Crypt:2  | Received a gift from Okawaru
 55245 | Crypt:3  | Entered Level 3 of the Crypt
 55413 | Crypt:3  | Noticed Mennas
 55429 | Crypt:3  | Noticed Frederick
 55458 | Crypt:3  | Killed Mennas
 55475 | Crypt:3  | Killed Frederick
 55490 | Crypt:3  | Found a staircase to the Tomb.
 56236 | Crypt:3  | Identified the +7 bardiche of Fatigue {freeze, rElec rC+
                  | Dex+6}
 56415 | Crypt:3  | Found an ancient bone altar of Kikubaaqudgha.
 56499 | Crypt:3  | Noticed Xtahua
 56517 | Crypt:3  | Killed Xtahua
 56766 | Crypt:3  | Noticed Jory
 56769 | Crypt:3  | Found the +6 arbalest "Damnation" {damnation}
 56820 | Crypt:3  | Killed Jory
 56849 | Crypt:3  | Got Efopnih's Reference Book on the Pyre and the Fault
 56850 | Crypt:3  | Identified the staff of cold "Redaell" {rC+ Str+3}
 57621 | Slime:1  | Entered Level 1 of the Pits of Slime
 57730 | Slime:1  | Gained mutation: You occasionally lose the ability to read
                  | scrolls when taking damage. [a shining eye]
 57745 | Slime:1  | Reached skill level 1 in Evocations
 57745 | Slime:1  | Lost mutation: Your spells are a little harder to cast, but
                  | a little more powerful. [a shining eye]
 57747 | Slime:1  | Gained mutation: You are dopey. (Int -2) [a shining eye]
 57752 | Slime:1  | Gained mutation: You are clumsy. (Dex -2) [a shining eye]
 57761 | Slime:1  | Reached skill level 25 in Fighting
 58114 | Zot:1    | Entered Level 1 of the Realm of Zot
 58114 | Zot:1    | Noticed an orb of fire
 58136 | Zot:1    | Gained mutation: You occasionally shout uncontrollably at
                  | your foes. [an orb of fire]
 58156 | Depths:4 | Gained mutation: You sometimes lose the ability to read
                  | scrolls when taking damage. [an orb of fire]
 58170 | Depths:4 | Lost mutation: Your natural rate of healing is unusually
                  | fast. [an orb of fire]
 58184 | Depths:4 | Gained mutation: You are weak. (Str -2) [an orb of fire]
 58200 | Depths:4 | Gained mutation: Your magical capacity is very low. (-20%
                  | MP) [an orb of fire]
 58211 | Depths:4 | Gained mutation: Armour fits poorly on your strangely
                  | shaped body. [an orb of fire]
 58224 | Depths:4 | Killed an orb of fire
 58414 | Zot:1    | HP: 1/218 [quicksilver dragon (13)]
 58415 | Depths:4 | Succumbed to a green draconian monk's poison

Illustrated notes

Levels and vault maps discovered:
D:1:      giann_forest_graveyard, layout_loops_corners
D:2:      minmay_alternating_diamond, layout_basic, minivault_19,
          minmay_pentomino_u4
D:3:      layout_loops_corners, nicolae_overflow_ecumenical_swirl,
          ebering_ghost_gozag
D:4:      layout_loops_ring, nicolae_ossuary_entry_ruins, grunt_ministairs_5,
          uniq_sigmund
D:5:      layout_basic, slow_altar_2, kennysheep_path_1, uniq_eustachio
D:6:      layout_gridville, lemuel_temple_firewalk_a, uniq_edmund
D:7:      layout_loops_corners, marbit_many_paths, kennysheep_mini,
          nicolae_hepliaklqana_hazy_memory, serial_shops, shop,
          dk_rats_in_the_wall
D:8:      layout_loops_ring, nicolae_overflows_in_rows, serial_shops,
          nicolae_take_the_stairs, grunt_decor_resistance,
          hangedman_decor_growths, amethyst_killhole, uniq_erica, uniq_gastronok
D:9:      minmay_the_grid_triangle_9x9_recursive_2_mashed
          [minmay_the_grid_triangle_9x9_prize_center,
          minmay_the_grid_triangle_9x9_subtriangle,
          minmay_the_grid_triangle_9x9_zippers_vertical,
          minmay_the_grid_triangle_9x9_alien], layout_loops_cross,
          grunt_lair_entry_orc_guard_hut, serial_shops, nicolae_diamond_shop,
          nicolae_shop_peninsula, shop, shop
D:10:     layout_loops_ring, kennysheep_orc_monster_closet_entryway, uniq_grum,
          uniq_maggie
D:11:     layout_rooms, uniq_snorg
D:12:     layout_roguey [special_room_bee], drop_trap, minmay_ruined_shrine
D:13:     layout_cave_pools, ximxim_vaults_locker_room, tso_metal_star,
          uniq_kirke, uniq_erolcha, uniq_azrael, uniq_urug, uniq_rupert
D:14:     layout_loops_ring, hangedman_decor_lopped
D:15:     grunt_enter_depths_hoard, layout_basic, grunt_decor_junction,
          yredelemnul_forgotten_temple_becter, uniq_nessos
Temple:   hellmonk_temple_micro_hex
Lair:1:   layout_cave_pods, portal_ice_cave_entry_pillars_2
Lair:2:   layout_regular_city, nicolae_snake_entry_squirm, roderic_carrion_pond,
          infiniplex_staircase_pool_2, lemuel_fruit_tree, grunt_megastairs_4
Lair:3:   layout_small_grid, skrybe_swamp_entry_bodies
Lair:4:   layout_regular_city, gammafunk_lair_bear_cave
Lair:5:   minmay_lair_end_enchanted_forest, layout_regular_city,
          nicolae_slime_entry_field_trip, dpeg_oklob_1, grunt_megastairs_2
Swamp:1:  layout_falls_marsh, evilmike_swamp_ruin_rubble_2, swamp_pool3,
          nicolae_swamp_thats_no_hydra
Swamp:2:  layout_basic_swamp, ebering_ghost_xom, evilmike_swamp_ruin_rubble_1,
          swamp_pool1, infiniplex_staircase_pool
Swamp:3:  layout_basic_swamp, evilmike_swamp_ruin_house_6
Swamp:4:  swamp_fiery, layout_basic_swamp, swamp_pool1
Snake:1:  nicolae_snake_unarmed_stairs_patrol, layout_honeycomb,
          nicolae_snake_boneroom, uniq_roxanne
Snake:2:  layout_basic, lightli_airlock, uniq_agnes
Snake:3:  gammafunk_sealed_library, layout_chambers, minmay_shop_grove,
          serial_bayou_shore_b, uniq_louise
Snake:4:  grunt_snake_rune_serpentine_throne, layout_cave_town, basic_altar,
          uniq_nikola, uniq_aizul
Slime:1:  layout_caves, cheibrodos_slime_lost_civilization_7
Orc:1:    layout_caves, serial_shops, shop, uniq_harold, uniq_nergalle,
          uniq_sonja
Orc:2:    grunt_orc_cross, layout_caves, basic_altar, nicolae_orc_bridge_out
Elf:1:    eino_elf_arrival_shootout, layout_gridlike,
          portal_desolation_entry_nicolae_nacl, minmay_elf_sorcery
Elf:2:    nicolae_elf_blades_splatter_lattice [nicolae_blade_lattice],
          layout_geoelf_octagon, guppyfry_elf_garden
Elf:3:    grunt_elf_hall_branching, layout_loops_corners
Vaults:1: nicolae_vaults_trapezoid_lopsided_4, nicolae_vaults_halls_meeting,
          ontoclasm_vaults_chip, nicolae_vaults_border_crossing, v_pattern_2,
          nicolae_vaults_heist, hangedman_vaults_slice,
          nicolae_vaults_storage_closets_3, v_alt_pattern_4, v_misc_25,
          ontoclasm_vaults_loading_screen, layout_vaults_maze_bifur
Vaults:2: v_misc_9, nicolae_vaults_ring_of_whatevers,
          nicolae_vaults_little_squares_5, ontoclasm_vaults_shuriken,
          vaults_room_door_hall, nicolae_vaults_six-pack, grunt_tower_of_power,
          vaults_room_grunt_arrival_checkpoint, vaults_dpeg_ring,
          nicolae_vaults_diamond_2, vaults_mumra_hexcomb,
          nicolae_vaults_tetromino_T_1, nicolae_vaults_layer_cake_slice,
          layout_vaults_ring, uniq_zenata
Vaults:3: minmay_crypt_entry_simple_walls, nicolae_vaults_what_the_h,
          nicolae_vaults_c_with_doors, ontoclasm_vaults_ring_square,
          nicolae_vaults_house_2, ontoclasm_vaults_decontamination,
          nicolae_vaults_diagonal_hallway_7, layout_vaults_quadrants,
          serial_shops, shop, uniq_boris
Vaults:4: v_pattern_5, hangedman_vaults_corner_blocks,
          nicolae_vaults_disjoint_gnomons, nicolae_vaults_weapon_check,
          nicolae_vaults_more_shelving_2, nicolae_vaults_more_shelving_1,
          vaults_room_fours, vaults_room_octagon, nicolae_vaults_double_plus_1,
          layout_vaults_omnicross, serial_shops, shop
Vaults:5
Crypt:1:  layout_misc_corridors, serial_sigils_hangedman_confine
Crypt:2:  layout_chaotic_city, lemuel_upstairs_altar
Crypt:3:  due_elkab, layout_chaotic_city, lemuel_mausoleum_altar_kikubaaqudgha,
          uniq_frederick, uniq_mennas, uniq_xtahua
Depths:1: layout_twisted_cross, lightli_too_deep, nicolae_uskayaw_dance_hall,
          uniq_bai_suzhen, uniq_saint_roka
Depths:2: nzn_winding_woodlands_small [nzn_winding_woodlands_5x15_longhouse,
          nzn_winding_woodlands_center_lodge, nzn_winding_woodlands_5x15_cabin],
          layout_cave_pools, enter_ziggurat_f, rand_demon_pan_entry_9,
          abyss_entry_flame_altar, mu_enter_wizlab_1, kennysheep_doodads,
          pf_hell_entry_tar_river, nicolae_danse_macabre
Depths:3: kennysheep_ambush_hall, layout_cave_shapes, pf_coc_iceberg,
          minmay_misc_feat_four_crosses, abyss_entry, minmay_orc_keep,
          uniq_margery
Depths:4: evilmike_zot_entry_gauntlet, layout_cave_shapes,
          grunt_hell_entry_dis_grunt, fedhas_altar_1
Zot:1:    gammafunk_dig_for_victory, layout_misc_corridors

Skill      XL: |  1  2  3  4  5  6  7  8  9 10 11 12 13 14 15 16 17 18 19 20 21 22 23 24 25 26 |
---------------+-------------------------------------------------------------------------------+-----
Dodging        | 2 3 4 5 6 8 11 13 14 | 14.6
Stealth        | 2 3 4 |  4.3
Fighting       | 1 2 3 4 5 7 8 10 11 13 15 16 17 18 19 20 21 23 24 25 | 25.0
Armour         | 1 2 3 4 5 7 8 9 10 11 12 13 14 15 16 17 18 19 | 19.5
Short Blades   | 1 3 4 6 8 9 10 11 12 13 14 | 14.0
Spellcasting   | 4 6 8 10 12 13 14 15 16 | 16.7
Conjurations   | 2 5 6 7 |  7.6
Shields        | 2 5 7 8 9 11 13 14 15 16 17 18 20 21 | 21.8
Necromancy     | 1 5 6 7 |  7.0
Invocations    | 1 2 3 4 5 9 |  9.2
Translocations | 4 5 6 |  6.2
Evocations     | 1 |  1.8
Ranged Weapons | |  0.6
Summonings     | |  1.0

Action                     |  1- 3 |  4- 6 |  7- 9 | 10-12 | 13-15 | 16-18 | 19-21 | 22-24 | 25-27 || total
---------------------------+-------+-------+-------+-------+-------+-------+-------+-------+-------++-------
  Melee: Dagger            |    51 |    98 |   150 |       |       |       |       |       |       ||   299
         Headbutt          |     6 |    24 |    79 |   202 |   587 |   656 |   882 |  1362 |   780 ||  4578
         Punch             |     1 |     3 |     5 |     2 |       |       |       |       |       ||    11
         Touch             |       |    10 |    78 |    44 |       |       |       |       |       ||   132
         Rapier            |       |       |   228 |   692 |  2012 |  2252 |  2607 |   497 |       ||  8288
         Kick              |       |       |       |       |       |   693 |  1310 |  2154 |  1231 ||  5388
         Quick blade       |       |       |       |       |       |       |       |  3239 |  1823 ||  5062
         Short sword       |       |       |       |       |       |       |       |       |    70 ||    70
   Fire: Sling             |    16 |       |       |       |       |       |       |       |       ||    16
   Cast: Magic Dart        |    46 |    52 |    20 |       |       |       |       |       |       ||   118
 Invoke: Heroism           |       |       |       |     6 |    13 |    11 |    29 |    13 |     4 ||    76
         Finesse           |       |       |       |       |       |       |       |       |     1 ||     1
Ability: Word of Chaos     |       |       |       |       |       |       |       |       |     1 ||     1
  Evoke: Wand              |       |       |       |       |       |     3 |       |       |       ||     3
    Use: Scroll            |       |     8 |     7 |     2 |    29 |     5 |    13 |     6 |     1 ||    71
         Potion            |       |     1 |     2 |     3 |     4 |     4 |     5 |     4 |     3 ||    26
   Stab: Sleeping          |     2 |     8 |     3 |       |       |       |       |       |       ||    13
         Distracted        |       |     2 |     1 |       |       |       |     1 |     1 |       ||     5
         Confused          |       |       |       |       |       |     1 |       |     1 |       ||     2
         Petrified         |       |       |       |       |       |       |       |       |     1 ||     1
 Armour: Robe              |     2 |       |       |       |       |       |       |       |       ||     2
         Leather armour    |    18 |    28 |    24 |       |       |       |       |       |       ||    70
         Chain mail        |       |       |   173 |   496 |   549 |       |       |       |       ||  1218
         Crystal plate arm |       |       |       |       |   536 |   700 |   613 |   596 |   188 ||  2633
  Dodge: Dodged            |    56 |    66 |   125 |   150 |   510 |   828 |   765 |   918 |   266 ||  3684
         Repelled          |       |       |       |       |     5 |    47 |    29 |    26 |    10 ||   117
  Block: Tower shield      |       |       |       |   342 |   627 |       |       |       |       ||   969
         Kite shield       |       |       |       |       |   743 |  1373 |  1440 |  1784 |   934 ||  6274
